 Dungeon Sprint DCSS version 0.29.1-2-gbd0b4ee654 (webtiles) character file.

Game seed: 13137009401804374774

250 Groucho the Covert (level 5, -10/24 HPs)
             Began as a Spriggan Enchanter on Nov 26, 2022.
             Mangled by a merfolk siren
             ... wielding a +0 trident
              (20 damage)
             ... in the Dungeon (Sprint II: "The Violet Keep of Menkaure").
             The game lasted 00:01:14 (77 turns).

Groucho the Covert (Spriggan Enchanter)               Turns: 77, Time: 00:01:15

Health: -10/24     AC:  2    Str:  6    XL:     5   Next: 88%
Magic:  5/16       EV: 17    Int: 17    God:
Gold:   243        SH:  0    Dex: 15    Spells: 11/19 levels left

rFire   . . .      SeeInvis +   a - +1 dagger
rCold   . . .      Faith    .   (no shield)
rNeg    . . .      Spirit   .   b - +0 robe
rPois   .          Reflect  .   (helmet restricted)
rElec   .          Harm     .   (no cloak)
rCorr   .          Rampage  .   (gloves unavailable)
Will    .....      NoTele   +   (boots unavailable)
Stlth   ++++++....              (no amulet)
HPRegen 0.08/turn               (no ring)
MPRegen 0.15/turn               (no ring)

@: very quick
A: very small, no large weapons, unfitting armour, see invisible, speed 3
a: no special abilities


You were in the Dungeon.
You visited 1 branch You collected 243 gold pieces.

Inventory:

Hand Weapons
 a - a +1 dagger (weapon)
Armour
 b - a +0 robe (worn)
Scrolls
 i - a scroll of blinking
Potions
 c - a potion of invisibility
 d - a potion of curing
 e - a potion of heal wounds
 g - a potion of magic
 h - a potion of berserk rage


   Skills:
 - Level 1.1 Short Blades
 - Level 2.6 Dodging
 * Level 13.8 Stealth
 + Level 7.7 Spellcasting
 + Level 8.1 Hexes


You had 11 spell levels left.
You knew the following spells:

 Your Spells              Type           Power      Damage    Failure   Level
a - Ensorcelled Hibernat  Hex/Ice        40%        N/A       3%          2
b - Confusing Touch       Hex            34%        N/A       1%          3
c - Dazzling Flash        Conj/Hex       40%        N/A       6%          3

Your spell library contained the following spells:

 Spells                   Type           Power      Damage    Failure   Level
 Tukima's Dance           Hex            34%        N/A       1%          3


Dungeon Overview and Level Annotations

Branches:
Dungeon (1/1)

Altars:


Innate Abilities, Weirdness & Mutations

You are very small and have problems with some larger weapons.
You are too small for most types of armour.
You have supernaturally acute eyesight. (SInv)
You cover ground extremely quickly. (Speed+++)


Message History

The merfolk siren resists with almost no effort.
You feel yourself slow down.
The merfolk siren chants its luring song.
Unknown command.
Casting: Ensorcelled Hibernation (safe; 3% risk of failure)
Confirm with . or Enter, or press ? or * to list all spells.
Aiming: Ensorcelled Hibernation (safe; 3% risk of failure)
Press: ? - help, Shift-Dir - straight line, f/p - merfolk siren
Aim: a merfolk siren, wielding a +0 trident (mesmerising, chance to affect: 20%)
The merfolk siren resists with almost no effort.
The merfolk siren chants its luring song.
Casting: Ensorcelled Hibernation (safe; 3% risk of failure)
Confirm with . or Enter, or press ? or * to list all spells.
Aiming: Ensorcelled Hibernation (safe; 3% risk of failure)
Press: ? - help, Shift-Dir - straight line, f/p - merfolk siren
Aim: a merfolk siren, wielding a +0 trident (mesmerising, chance to affect: 20%)
The merfolk siren resists with almost no effort.
The merfolk siren barely misses you.
Casting: Ensorcelled Hibernation (safe; 3% risk of failure)
Confirm with . or Enter, or press ? or * to list all spells.
Aiming: Ensorcelled Hibernation (safe; 3% risk of failure)
Press: ? - help, Shift-Dir - straight line, f/p - merfolk siren
Aim: a merfolk siren, wielding a +0 trident (mesmerising, chance to affect: 20%)
The merfolk siren resists with almost no effort.
The merfolk siren hits you from afar with a +0 trident!
Ouch! That really hurt!
Casting: Ensorcelled Hibernation (safe; 3% risk of failure)
Confirm with . or Enter, or press ? or * to list all spells.
Aiming: Ensorcelled Hibernation (safe; 3% risk of failure)
Press: ? - help, Shift-Dir - straight line, f/p - merfolk siren
Aim: a merfolk siren, wielding a +0 trident (mesmerising, chance to affect: 20%)
The merfolk siren looks drowsy...
The merfolk siren stops singing.
You are no longer entranced.
The merfolk siren shouts!
The merfolk siren completely misses you.
There is an open door here.
You closely miss the merfolk siren.
The merfolk siren hits you with a +0 trident!!
Ouch! That really hurt!
You die...

#+## ###†.##
#.##..# ##
#.#.####
##.###'###.##
#...##.##...#
+$##†.<.@m#
#...##.##...#
##†###+# #.##
## ##


You could see a merfolk siren.

Vanquished Creatures
  4 necrophages (D)
  3 worms (D)
7 creatures vanquished.

Notes
Turn   | Place    | Note
-------+----------+-------------------------------------------
     0 | D        | Groucho the Spriggan Enchanter began the quest for the Orb.
     0 | D        | Reached XP level 1. HP: 9/9 MP: 5/5
     1 | D        | Noticed a necrophage
     1 | D        | Noticed a necrophage
     1 | D        | Noticed a necrophage
     1 | D        | Noticed a necrophage
     9 | D        | Killed a necrophage
    10 | D        | Reached skill level 9 in Stealth
    10 | D        | Reached skill level 5 in Spellcasting
    10 | D        | Reached skill level 5 in Hexes
    10 | D        | Reached XP level 2. HP: 13/13 MP: 6/9
    10 | D        | Reached XP level 3. HP: 16/16 MP: 6/10
    12 | D        | Killed a necrophage
    13 | D        | Reached skill level 11 in Stealth
    13 | D        | Reached XP level 4. HP: 21/21 MP: 7/13
    13 | D        | Killed a necrophage
    14 | D        | Reached skill level 12 in Stealth
    14 | D        | Reached XP level 5. HP: 24/24 MP: 7/15
    16 | D        | Reached skill level 13 in Stealth
    43 | D        | Learned a level 2 spell: Ensorcelled Hibernation
    47 | D        | Learned a level 3 spell: Confusing Touch
    51 | D        | Learned a level 3 spell: Dazzling Flash
    65 | D        | Noticed a merfolk siren
    77 | D        | Mangled by a merfolk siren

Illustrated notes

Levels and vault maps discovered:
D:        the_violet_keep_of_menkaure [sprint2_stairs_cluster_1,
          sprint2_shoproom, sprint2_temple, sprint2_basic_supplies,
          sprint2_obstacle_1, sprint2_obstacle_5, sprint2_obstacle_6,
          sprint2_obstacle_2, sprint2_obstacle_4, sprint2_timed_cluster_1,
          sprint2_smallroom_cluster_1, sprint2_smallroom_final_cluster_1,
          sprint2_transparent_cluster_1, sprint2_second_timed_cluster_1,
          sprint2_sniper_area_1, sprint2_heavy_combat_area_1,
          sprint2_mutation_trap_area_1, sprint2_forest_area_1,
          sprint2_light_combat_area_1, sprint2_behind_water_1,
          sprint2_near_end_vault_1]

Skill      XL: |  1  2  3  4  5 |
---------------+----------------+-----
Stealth        | 9 11 12 13 | 13.8
Spellcasting   | 5 6 7 |  7.7
Hexes          | 5 6 7 8 |  8.1
Short Blades   | |  1.1
Dodging        | |  2.6

Action                   |  1- 3 |  4- 6 || total
-------------------------+-------+-------++-------
Melee: Dagger            |     3 |    16 ||    19
 Cast: Ensorcelled Hiber |       |    11 ||    11
  Use: Potion            |     2 |     1 ||     3
 Stab: Sleeping          |     2 |     3 ||     5
       Invisible         |     1 |     3 ||     4
Dodge: Dodged            |     3 |     6 ||     9
